 Dungeon Crawl Stone Soup version 0.30.1-11-g7821555f0a (webtiles) character file.

Game seed: 16441624886426104983

854657 cdecastro the Portalist (level 27, -1/406 HPs)
             Began as an Armataur Warper on Jan 11, 2024.
             Was the Champion of Makhleb.
             Slain by Cerebov
             ... wielding the +6 sword of Cerebov {flame}
              (5 damage)
             ... in Pandemonium on Jan 18, 2024.
             The game lasted 08:18:28 (103707 turns).

cdecastro the Portalist (Armataur Warper)         Turns: 103707, Time: 08:18:28

Health: -1/406     AC: 51    Str: 20 (21) XL:     27
Magic:  38/38      EV: 16    Int: 15      God:    Makhleb [******]
Gold:   9585       SH:  7    Dex: 16      Spells: 3/57 levels left

rFire   + . .        a - +9 demon whip (elec)
rCold   . . .        d - +2 buckler {rN+}
rNeg    + + +        I - +10 swamp dragon scales of Indomitability {rPois Regen+ Slay+6}
rPois   +            t - +2 helmet of Weightlessness {rN+ Will+}
rElec   .            R - scarf {rC+ rF+}
rCorr   +            m - +4 pair of gloves of Eluwicothra {Will+ rCorr MP+9}
SInv    .            u - +6 barding of Paranoia {Drain rPois rN+ Dex+4}
Will    +++++        g - amulet "Kyedeici" {Faith rPois Will+++ MP-9 Str-5} Stlth
                     e - ring "Nitaiwa" {Wiz rF+ rC- Stlth+}
HPRegen 1.67/turn    V - ring "Pudila" {EV+5 Int+3}
MPRegen 0.26/turn

%: clarity, roll, faith, wizardry (x1)
@: berserking, fire vulnerable, studying 2 skills, very quick
A: large, rugged brown scales 3, deformed body, armoured tail, roll, long
tongue, awkward tongue, iridescent scales 2, clarity, deterioration 1, dopey 1,
low MP 1, weak 1, inability to read after injury 1, MP-powered wands
}: 8/15 runes: decaying, slimy, silver, abyssal, demonic, glowing, dark,
gossamer
a: Renounce Religion, Minor Destruction, Lesser Servant of Makhleb, Major
Destruction, Greater Servant of Makhleb


You were in Pandemonium.
You worshipped Makhleb.
Makhleb was exalted by your worship.
You visited 14 branches of the dungeon, and saw 58 of its levels.
You visited Pandemonium 1 time, and saw 12 of its levels.
You visited the Abyss 2 times.
You also visited: Bailey.

You collected 13074 gold pieces.
You spent 3489 gold pieces at shops.

Inventory:

Hand Weapons
 a - a +9 demon whip of electrocution (weapon)
 b - a +9 demon whip of flaming
Armour
 d - a +2 buckler of positive energy (worn)
 m - the +4 pair of gloves of Eluwicothra (worn) {Will+ rCorr MP+9}
   (You found it on level 4 of the Vaults)

   MP:        It affects your magic capacity (+9).
   rCorr:     It protects you from acid and corrosion.
   Will:      It increases your willpower.
 t - the +2 helmet of Weightlessness (worn) {rN+ Will+}
   (You found it on level 3 of the Crypt)

   rN:        It protects you from negative energy.
   Will:      It increases your willpower.
 u - the +6 barding of Paranoia (worn) {Drain rPois rN+ Dex+4}
   (You acquired it on level 3 of the Depths)

   Dex:       It affects your dexterity (+4).
   rPois:     It protects you from poison.
   rN:        It protects you from negative energy.
   Drain:     It drains your maximum health when unequipped.
 F - a +0 tower shield of reflection
 I - the +10 swamp dragon scales of Indomitability (worn) {rPois Regen+ Slay+6}
   (You bought it in a shop on level 2 of the Orcish Mines)

   Slay:      It affects your accuracy & damage with ranged weapons and melee
   (+6).
   rPois:     It protects you from poison.
   Regen:     It increases your rate of health regeneration.
 R - a scarf of resistance (worn)
Jewellery
 c - a ring of protection from cold
 e - the ring "Nitaiwa" (left hand) {Wiz rF+ rC- Stlth+}
   (You bought it in a shop on level 2 of the Orcish Mines)

   [ring of wizardry]

   It improves your spell success rate.
   rF:        It protects you from fire.
   rC:        It makes you vulnerable to cold.
   Stlth:     It makes you more stealthy.
 g - the amulet "Kyedeici" (around neck) {Faith rPois Will+++ MP-9 Str-5}
   (You took it off a vampire on level 8 of the Dungeon)

   [amulet of faith]

   It allows you to gain divine favour quickly.
   Str:       It affects your strength (-5).
   rPois:     It protects you from poison.
   MP:        It affects your magic capacity (-9).
   Will:      It greatly increases your willpower.
 j - a ring of see invisible
 x - a ring of flight
 B - the ring of Minaily {rElec Dex+5 Slay+4}
   (You found it on level 3 of the Depths)

   [ring of slaying]

   Dex:       It affects your dexterity (+5).
   Slay:      It affects your accuracy & damage with ranged weapons and melee
   (+4).
   rElec:     It insulates you from electricity.
 V - the ring "Pudila" (right hand) {EV+5 Int+3}
   (You found it on level 8 of the Dungeon)

   [ring of evasion]

   EV:        It affects your evasion (+5).
   Int:       It affects your intelligence (+3).
Wands
 p - a wand of charming (57)
 v - a wand of mindburst (54)
 w - a wand of iceblast (123)
 z - a wand of polymorph (41)
 E - a wand of digging (29)
 M - a wand of quicksilver (37)
Scrolls
 f - 3 scrolls of summoning
 h - 18 scrolls of poison
 i - 13 scrolls of magic mapping
 l - a scroll of enchant weapon
 n - 5 scrolls of enchant armour
 o - 24 scrolls of teleportation
 s - 13 scrolls of fear
 A - 22 scrolls of immolation
 C - 6 scrolls of silence
 N - 10 scrolls of torment
 O - 11 scrolls of vulnerability
 P - 7 scrolls of blinking
 X - 12 scrolls of fog
Potions
 k - 9 potions of attraction
 q - 11 potions of magic
 r - 3 potions of heal wounds
 D - 35 potions of curing
 G - 6 potions of haste
 H - 3 potions of invisibility
 J - 9 potions of mutation
 K - 19 potions of brilliance
 L - 6 potions of might
 S - 10 potions of resistance
 T - 12 potions of flight
 Y - 7 potions of cancellation
 Z - 3 potions of berserk rage
Miscellaneous
 y - a condenser vane
 Q - a phantom mirror
 U - a lightning rod (4/4)
 W - a box of beasts


   Skills:
 - Level 22.0 Fighting
 - Level 20.0 Maces & Flails
 - Level 0.8 Throwing
 - Level 22.0 Armour
 - Level 10.0 Dodging
 - Level 5.0 Shields
 + Level 15.9 Spellcasting
 - Level 25.0 Translocations
 - Level 6.0 Air Magic
 - Level 20.0 Invocations
 - Level 22.0 Evocations


You had 3 spell levels left.
You knew the following spells:

 Your Spells              Type           Power      Damage    Failure   Level
a - Manifold Assault      Tloc           72%        N/A       0%          4
b - Blink                 Tloc           100%       N/A       0%          2
c - Teleport Other        Tloc           72%        N/A       0%          3
d - Lesser Beckoning      Tloc           100%       N/A       0%          2
e - Apportation           Tloc           100%       N/A       0%          1
f - Vhi's Electric Charg  Tloc/Air       100%       N/A       1%          3
g - Dispersal             Tloc           36%        N/A       1%          6
h - Gell's Gravitas       Tloc           72%        N/A       0%          3
i - Summon Forest         Summ/Tloc      24%        N/A       1%          5
j - Disjunction           Tloc           36%        N/A       1%          8
k - Volatile Blastmotes   Fire/Tloc      98%        2d18      1%          3
l - Iskenderun's Mystic   Conj/Tloc      49%        2d11      1%          4
m - Swiftness             Air            30%        N/A       1%          3
n - Malign Gateway        Summ/Tloc      24%        N/A       17%         7

Your spell library contained the following spells:

 Spells                   Type           Power      Damage    Failure   Level
 Shock                    Conj/Air       84%        1d8       1%          1
 Poisonous Vapours        Pois/Air       42%        N/A       1%          2
 Cigotuvi's Dreadful Rot  Necr/Pois/Air  36%        N/A       2%          2
 Foxfire                  Conj/Fire      44%        2x1d6     3%          1
 Kiss of Death            Conj/Necr      44%        2d8       3%          1
 Magic Dart               Conj           44%        1d5       3%          1
 Necrotise                Necr           44%        1d6       3%          1
 Sandblast                Erth           22%        2d7       3%          1
 Sting                    Tmut/Pois      44%        1d5       3%          1
 Summon Small Mammal      Summ           44%        N/A       3%          1
 Mephitic Cloud           Conj/Pois/Air  18%        N/A       4%          3
 Call Imp                 Summ           22%        N/A       5%          2
 Ensorcelled Hibernation  Hex/Ice        22%        N/A       5%          2
 Passwall                 Tmut/Erth      9%         N/A       5%          2
 Sublimation of Blood     Necr           11%        N/A       5%          2
 Call Canine Familiar     Summ           11%        N/A       11%         3
 Confusing Touch          Hex            11%        N/A       11%         3
 Dazzling Flash           Conj/Hex       22%        N/A       11%         3
 Hailstorm                Conj/Ice       11%        3d5       11%         3
 Ignite Poison            Fire/Tmut/Pois 11%        N/A       11%         3
 Inner Flame              Hex/Fire       11%        N/A       11%         3
 Ozocubu's Armour         Ice            11%        N/A       11%         3
 Spider Form              Tmut/Pois      11%        N/A       11%         3
 Stone Arrow              Conj/Erth      22%        3d8       11%         3
 Summon Guardian Golem    Hex/Summ       11%        N/A       11%         3
 Vampiric Draining        Necr           11%        2d6       11%         3
 Airstrike                Air            15%        2d(3-19)  2%          4
 Anguish                  Hex/Necr       5%         N/A       32%         4
 Animate Armour           Summ/Erth      22%        N/A       32%         4
 Animate Dead             Necr           11%        N/A       32%         4
 Cause Fear               Hex            5%         N/A       32%         4
 Dispel Undead            Necr           11%        3d9       32%         4
 Flame Wave               Conj/Fire      11%        2d6       32%         4
 Fulminant Prism          Conj/Hex       5%         3d6       32%         4
 Ice Form                 Ice/Tmut       11%        N/A       32%         4
 Leda's Liquefaction      Hex/Erth       5%         N/A       32%         4
 Olgreb's Toxic Radiance  Pois           11%        N/A       32%         4
 Petrify                  Tmut/Erth      11%        N/A       32%         4
 Sticky Flame             Conj/Fire      11%        2d3       32%         4
 Summon Ice Beast         Ice/Summ       11%        N/A       32%         4
 Freezing Cloud           Conj/Ice/Air   9%         6-21      38%         5
 Agony                    Necr           11%        N/A       65%         5
 Alistair's Intoxication  Tmut/Pois      7%         N/A       65%         5
 Blade Hands              Tmut           5%         N/A       65%         5
 Borgnjor's Vile Clutch   Necr/Erth      5%         N/A       65%         5
 Fireball                 Conj/Fire      5%         3d5       65%         5
 Irradiate                Conj/Tmut      5%         3d13      65%         5
 Lee's Rapid Deconstruct  Erth           5%         3d6*      65%         5
 Summon Mana Viper        Hex/Summ       11%        N/A       65%         5
 Conjure Ball Lightning   Conj/Air       10%        3x3d6     80%         6
 Plasma Beam              Fire/Air       10%        2x1d23    80%         6
 Death Channel            Necr           5%         N/A       99%         6
 Eringya's Noxious Bog    Tmut/Pois      5%         N/A       99%         6
 Iron Shot                Conj/Erth      5%         9d2       99%         6
 Simulacrum               Ice/Necr       5%         N/A       99%         6
 Starburst                Conj/Fire      5%         6d4       99%         6
 Statue Form              Tmut/Erth      7%         N/A       99%         6
 Enfeeble                 Hex            5%         N/A       100%        7
 Haunt                    Necr/Summ      5%         N/A       100%        7
 Monstrous Menagerie      Summ           5%         N/A       100%        7
 Ozocubu's Refrigeration  Ice            5%         4d8       100%        7
 Summon Hydra             Summ           5%         N/A       100%        7
 Borgnjor's Revivificati  Necr           5%         N/A       100%        8
 Discord                  Hex            5%         N/A       100%        8
 Ignition                 Fire           5%         3d4       100%        8
 Infestation              Necr           5%         N/A       100%        8
 Lehudib's Crystal Spear  Conj/Erth      5%         10d3      100%        8
 Necromutation            Tmut/Necr      5%         N/A       100%        8
 Summon Horrible Things   Summ           5%         N/A       100%        8
 Death's Door             Necr           5%         N/A       100%        9
 Polar Vortex             Ice            5%         N/A       100%        9


Dungeon Overview and Level Annotations

Branches:
Dungeon (15/15)            Temple (1/1) D:6            Lair (5/5) D:9
  Swamp (4/4) Lair:2       Spider (4/4) Lair:3        Slime (5/5) Lair:4
    Orc (2/2) D:11            Elf (3/3) Orc:2        Vaults (5/5) D:14
  Crypt (3/3) Vaults:3       Tomb (1/3) Crypt:3      Depths (4/4) D:15
   Hell (visited)             Dis (0/7) Hell            Geh (0/7) Hell
    Coc (0/7) Hell            Tar (0/7) Hell            Zot (5/5) Depths:4
 Bailey (visited)

Altars:
Ashenzari
Cheibriados
Dithmenos
Elyvilon
Fedhas
Gozag
Hepliaklqana
Kikubaaqudgha
Makhleb
Nemelex Xobeh
Okawaru
Qazlal
Ru
Sif Muna
Trog
Uskayaw
Vehumet
Wu Jian
Xom
Yredelemnul
Zin
The Shining One
Jiyva

Shops:
D:9 =   Orc:2 =*[(:   Elf:1 *   Depths:2 =   Depths:4 (

Portals:
Hell: Depths:1 Depths:2 Depths:3 Depths:4
Abyss: Depths:1 Depths:3
Pandemonium: Depths:1 Depths:2
Ziggurat: Depths:4

Annotations:
Depths:4 zig need dig
Pan Cerebov


Innate Abilities, Weirdness & Mutations

You are completely covered in rugged brown scales. (AC +3, +7% HP)
Armour fits poorly on your strangely shaped body.
You have a long armoured tail.
You roll when moving toward enemies. (Rampage)
Your long tongue fully drains potion bottles. (2x potion effects)
Your tongue gives you trouble enunciating. (1.5x scroll delay)
You are mostly covered in iridescent scales. (AC +4)
You possess an exceptional clarity of mind.
Your body sometimes deteriorates upon taking damage.
You are dopey. (Int -2)
Your magical capacity is low. (-10% MP)
You are weak. (Str -2)
You occasionally lose the ability to read scrolls when taking damage.
You expend magic power (3 MP) to strengthen your wands.


Message History

Cerebov hits you with the +6 sword of Cerebov {flame}!!!
* * * LOW HITPOINT WARNING * * *
Cerebov burns you.
* * * LOW HITPOINT WARNING * * *
You hit Cerebov but do no damage.
Cerebov is almost dead.
The balrug hits you but does no damage.
Cerebov hits you with the +6 sword of Cerebov {flame}!!
* * * LOW HITPOINT WARNING * * *
Cerebov burns you.
* * * LOW HITPOINT WARNING * * *
You thrash Cerebov!!
You tail-slap Cerebov, but do no damage.
Cerebov is almost dead.
The Brimstone Fiend hits you but does no damage.
The Brimstone Fiend misses you. The Brimstone Fiend barely misses you.
The Brimstone Fiend calls on the powers of darkness!
Your body is wracked with pain!
* * * LOW HITPOINT WARNING * * *
You barely miss Cerebov.
Cerebov is almost dead.
Cerebov gestures at you. The iron shot hits you!!!
* * * LOW HITPOINT WARNING * * *
Your body deteriorates!
You feel weakened.
Unknown command.
You thrash Cerebov!!
Cerebov is almost dead.
The balrug hits you but does no damage.
Unknown command.
You are too berserk!
You hit Cerebov but do no damage.
Cerebov is almost dead.
The Brimstone Fiend misses you. The Brimstone Fiend hits you!
* * * LOW HITPOINT WARNING * * *
The Brimstone Fiend barely misses you.
Cerebov hits you with the +6 sword of Cerebov {flame}!!!
* * * LOW HITPOINT WARNING * * *
Cerebov burns you.
You die...

....).......................###..
.)#####.....................# #.#
..#...#..##..##..##..##..##.# #..
..#/[)###########################
..#...#.......................###
..####'.#####################.#..
...##...#####################'###
....#.###......11....)..#.......#
...##.# ##...2@#####).#.#.#.#..
...##.# ##''&## #..#........
....#)# #... #).#.#...... ...##.#
..... #..#........ ...##.#
....... #..#.#...... ....#.#
....... #..'........ ...##.#
##..... ####.#...... ...##.#
#.#... #........ ....#.#
#.#......


You could see Cerebov (fast), 2 Brimstone Fiends and a balrug.

Vanquished Creatures
  Dissolution (Slime:2)
  the Royal Jelly (Slime:5)
  4 pandemonium lords (Pan)
  Mnoleg (Pan)
  4 dread liches
  2 ancient liches
  Khufu (Vaults:3)
  5 orbs of fire
  Mennas (Vaults:3)
  Sojobo (Vaults:5)
  Bai Suzhen (Crypt:1)
  7 Killer Klowns
  Margery (Crypt:2)
  Saint Roka (Crypt:1)
  Frederick (Vaults:3)
  Xtahua (Vaults:5)
  17 golden dragons
  Geryon (Hell)
  The ghost of VictoriousLee the Severer, an adept FoFi of Wu Jian (Depths:2)
  Jory (Vaults:3)
  Nikola (Vaults:3)
  2 bone dragons (Depths:4)
  the Enchantress (Depths:2)
  3 Tzitzimimeh (Pan)
  2 electric golems (Zot:5)
  4 Brimstone Fiends (Pan)
  Arachne (Spider:3)
  A spectral shard shrike (Crypt:3)
  Jorgrun (D:15)
  16 tentacled monstrosities
  24 Orb Guardians (Zot:5)
  3 Hell Sentinels (Pan)
  2 Ice Fiends (Pan)
  A quicksilver dragon (shapeshifter) (Vaults:5)
  6 titans (Vaults:5)
  7 liches
  Asterion (Vaults:3)
  4 deep elf blademasters
  10 quicksilver dragons
  18 acid blobs
  7 death cobs
  3 deep elf master archers (Elf:3)
  An eldritch tentacle (Pan)
  10 sphinxes
  Frances (Elf:1)
  5 tentacled starspawn (Abyss:3)
  26 Executioners (Pan)
  2 thorn hunters (Swamp:4)
  Murray (Depths:2)
  8 ancient champions
  9 tengu reavers (Vaults:5)
  3 draconian monks
  10 shadow dragons
  Donald (Crypt:1)
  6 demonspawn warmongers (Pan)
  16 storm dragons
  2 revenants (Crypt:3)
  3 rockslimes (Slime:5)
  12 azure jellies
  9 fire giants
  4 frost giants
  4 ghost moths
  3 draconian knights (Zot:4)
  23 vault wardens
  12 deep elf sorcerers
  26 balrugs
  3 iron dragons
  10 ghouls
  A draconian scorcher (Zot:4)
  5 curse skulls
  A deep elf elementalist (Elf:3)
  4 draconian shifters
  22 ironbound preservers
  4 orc warlords
  27 reapers
  8 draconian annihilators
  24 cacodemons
  A juggernaut skeleton (Hell)
  4 demonspawn corrupters (Pan)
  27 very ugly things
  3 ironbound thunderhulks (Vaults:1)
  7 demonspawn blood saints (Pan)
  3 spriggan defenders (Depths:2)
  6 quicksilver oozes
  7 broodmothers
  3 caustic shrike skeletons
  10 vampire knights
  12 green draconians
  19 stone giants
  5 eleionomae
  5 deep elf demonologists
  6 yellow draconians
  12 lorocyprocas (Pan)
  12 demonspawn black suns (Pan)
  5 bunyips
  5 black draconians
  6 deep elf annihilators
  11 spark wasps
  14 dire elephants
  A wendigo (Hell)
  4 red draconians
  14 purple draconians
  2 white draconians
  A bunyip (shapeshifter) (Vaults:5)
  4 deep elf death magi
  5 fire dragons
  7 ettins
  5 eidola
  8 yaktaur captains
  23 blizzard demons
  2 entropy weavers
  A merfolk impaler (Depths:3)
  14 green deaths
  A shambling mangrove (Abyss:3)
  A quicksilver dragon zombie (Abyss:3)
  Fannar (Lair:3)
  6 deep elf high priests
  9 mummy priests (Tomb:1)
  14 great orbs of eyes
  4 jiangshi
  5 ice dragons
  A spectral spriggan (Crypt:3)
  A quicksilver dragon skeleton (Hell)
  4 rakshasas
  2 spriggan zombies (Hell)
  Erolcha (Orc:2)
  29 vault guards
  4 spriggan air magi
  10 ironbound frosthearts
  A jorogumo (Spider:3)
  16 hydras
  A merfolk aquamancer (Depths:3)
  An anaconda (shapeshifter) (Vaults:5)
  2 juggernaut simulacra (Pan)
  2 fenstrider witch skeletons (Pan)
  6 hell beasts
  8 two-headed ogres
  7 boulder beetles
  3 centaur warriors
  3 spriggan skeletons
  4 radroaches
  5 deep troll earth magi
  2 ogre magi
  A satyr (shapeshifter) (Vaults:5)
  35 dancing weapons
  A spectral stone giant (Crypt:3)
  A boulder beetle (shapeshifter) (Vaults:3)
  6 alligators
  5 death scarabs (Tomb:1)
  An Orb Guardian skeleton (Crypt:1)
  3 death knights
  2 thrashing horrors (Abyss:3)
  5 spriggan berserkers
  3 deep troll shamans
  2 spectral dire elephants (Crypt:3)
  A spectral naga (Crypt:3)
  3 tengu warriors
  2 vampire magi
  11 hell hogs
  An orc high priest (Orc:2)
  The ghost of bnorton916 the Thaumaturge, a journeyman DECj of Gozag (D:9)
  8 spriggans
  12 deep elf knights
  2 wretched stars (Abyss:3)
  63 soul eaters
  24 hell knights
  2 skysharks (Lair:2)
  A fire crab (Abyss:3)
  Nergalle (D:11)
  74 sun demons
  3 titan skeletons (Pan)
  35 sixfirhies
  A sea snake (shapeshifter) (Vaults:5)
  9 pharaoh ants
  A golden dragon zombie (Crypt:2)
  4 goliath frogs
  4 iron trolls
  39 skeletal warriors
  Amaemon (D:8)
  25 shadow wraiths
  A bunyip zombie (Tomb:1)
  A spark wasp zombie (Depths:1)
  14 orb spiders
  10 flayed ghosts
  4 bog bodies
  A cherub (Pan)
  4 glowing orange brains
  9 shadow demons (Pan)
  2 spriggan simulacra (Hell)
  16 deep elf archers
  11 swamp dragons
  47 deep trolls
  7 wizards
  11 necromancers
  A steelbarb worm (shapeshifter) (Depths:2)
  2 anaconda skeletons
  3 lindwurms
  Pikel (D:5)
  An obsidian statue (Zot:5)
  3 bunyip skeletons (Pan)
  10 orc knights
  17 ironbound convokers
  30 phantasmal warriors
  6 steelbarb worms
  17 deep elf zephyrmancers
  A mana viper (shapeshifter) (D:15)
  The ghost of Jaukkuri the Geomancer, a novice DEEE of Vehumet (D:8)
  19 deep elf pyromancers
  A goliath frog zombie (Crypt:3)
  2 shadow dragon skeletons
  2 manticores
  15 wolf spiders
  10 shining eyes
  3 stone giant zombies
  16 elephants
  45 ugly things
  20 moths of wrath
  6 orc sorcerers
  4 will-o-the-wisps
  7 cyclopes
  A salamander (Depths:1)
  2 iron dragon skeletons
  A spectral centaur (Crypt:3)
  3 black mambas
  7 stone giant skeletons
  7 eyes of devastation
  3 apocalypse crabs (Abyss:3)
  19 vault sentinels
  Maurice (D:8)
  5 gargoyles
  5 rust devils (Hell)
  An alligator snapping turtle zombie (Crypt:2)
  39 demonic crawlers
  3 molten gargoyles
  A torpor snail (shapeshifter) (Elf:1)
  5 ice statues (Pan)
  A centaur skeleton (Pan)
  7 torpor snails
  32 orange demons
  A dire elephant skeleton (Pan)
  2 rime drakes
  9 cane toads
  16 smoke demons
  7 hellions
  3 komodo dragons
  6 tormentors (Pan)
  2 unseen horrors
  A bunyip simulacrum (Hell)
  A rime drake (shapeshifter) (Vaults:5)
  18 yaktaurs
  A green draconian zombie (Crypt:2)
  5 tengu conjurers
  A yaktaur zombie (Vaults:1)
  10 freezing wraiths
  An iron giant simulacrum (Hell)
  9 ice devils
  5 efreet
  2 ancient zymes
  A silent spectre (Depths:3)
  7 guardian mummies (Tomb:1)
  8 red devils (Pan)
  10 meliai
  13 polar bears
  A spectral harpy (Crypt:3)
  5 trolls
  9 hellwings
  A troll (shapeshifter) (D:14)
  11 hornets
  12 starcursed masses
  Grinder (D:5)
  2 bloated husks
  A harpy skeleton (Pan)
  14 raiju
  21 tarantellas
  A snapping turtle (shapeshifter) (Vaults:5)
  2 raiju (shapeshifter)
  20 blink frogs
  A hydra skeleton (Crypt:1)
  2 stone giant simulacra
  4 tyrant leeches
  A frost giant simulacrum (Depths:1)
  An ice dragon zombie (Crypt:1)
  2 centaur simulacra (Hell)
  95 slime creatures
  An air elemental (Elf:2)
  An ettin skeleton (Pan)
  18 culicivoras
  14 flying skulls
  A dire elephant simulacrum (Hell)
  42 ynoxinuls
  11 shadows
  16 wraiths
  27 jumping spiders
  4 vampires
  16 water elementals
  A yak (shapeshifter) (D:15)
  6 basilisks
  Eustachio (D:5)
  45 yaks
  5 fire elementals
  A hog (shapeshifter) (D:13)
  4 black mamba skeletons
  An elf skeleton (Vaults:5)
  18 golden eyes
  A human simulacrum (Vaults:1)
  5 steam dragons
  16 humans
  57 large abominations
  28 neqoxecs
  2 wyverns (Lair:3)
  Menkaure (D:5)
  38 chaos spawn
  52 redbacks
  7 vampire mosquitoes
  2 redbacks (shapeshifter)
  3 harpy simulacra (Hell)
  A yaktaur simulacrum (Vaults:1)
  4 acid dragons
  Edmund (D:5)
  8 wargs
  A hydra simulacrum (Hell)
  8 swamp worms
  A glowing shapeshifter zombie (Vaults:5)
  13 water moccasins
  Duvessa (D:6)
  A fire bat skeleton (Crypt:2)
  19 hell hounds
  4 floating eyes
  2 naga skeletons (Pan)
  14 swamp drakes
  12 black bears
  An ettin simulacrum (Hell)
  A human skeleton (Vaults:2)
  5 ice beasts
  40 orc warriors
  A black bear (shapeshifter) (Vaults:5)
  6 small abominations (Abyss:3)
  A sky beast (shapeshifter) (Vaults:5)
  26 wolves
  6 ogres
  2 swamp dragon skeletons (Pan)
  A lemure (D:5)
  4 centaurs
  2 phantoms
  An elf simulacrum (Vaults:2)
  2 kobold brigands
  A hog skeleton (Crypt:1)
  A komodo dragon zombie (Crypt:3)
  15 bullfrogs
  A necrophage (Crypt:2)
  2 scorpions
  3 earth elementals
  18 wights
  Dowan (D:6)
  A hornet simulacrum (D:14)
  4 killer bees (D:9)
  2 howler monkeys (D:7)
  15 electric eels
  A bullfrog zombie (Crypt:1)
  A centaur zombie (Crypt:2)
  7 crimson imps (Pan)
  6 hounds
  16 orc priests
  A quasit (D:8)
  2 iron imps
  11 iguanas
  A basilisk skeleton (Crypt:3)
  A sleepcap (D:6)
  23 orc wizards
  10 hell rats
  A sky beast zombie (Crypt:1)
  An acid dragon skeleton (Crypt:3)
  11 mummies
  A howler monkey zombie (Crypt:1)
  8 gnolls (Bailey)
  3 adders
  A river rat (D:11)
  A swamp drake zombie (Crypt:2)
  2 shadow imps (D:8)
  7 white imps
  6 ufetubi
  A worm (D:2)
  6 dart slugs
  69 orcs
  2 bats
  11 endoplasms
  A giant cockroach (D:2)
  17 goblins
  17 hobgoblins
  4 jackals (D:2)
  2 quokkas
  12 ball pythons
  5 frilled lizards
  A goblin skeleton (Crypt:3)
  6 kobolds
  5 rats
  A river rat skeleton (Crypt:1)
  3 ball lightnings (Pan)
  2 butterflies (Lair:1)
  3 tentacles (Abyss:3)
3156 creatures vanquished.

Vanquished Creatures (collateral kills)
  Gloorx Vloq (Pan)
  4 orbs of fire
  2 pandemonium lords (Pan)
  2 tentacled monstrosities (Vaults:5)
  An Orb Guardian (Zot:5)
  An acid blob (Slime:5)
  A sphinx (Vaults:5)
  A thorn hunter (Swamp:3)
  A storm dragon (Vaults:5)
  A rockslime (Slime:5)
  An azure jelly (Slime:5)
  2 fenstrider witches (Swamp:4)
  An emperor scorpion (Spider:3)
  A quicksilver ooze (Slime:5)
  A vampire knight (Crypt:2)
  A deep elf demonologist (Vaults:5)
  An eleionoma (Swamp:1)
  A black draconian (Zot:5)
  A red draconian (Depths:4)
  2 spark wasps
  A merfolk javelineer (Depths:4)
  2 vault guards (Vaults:5)
  2 hydras (Swamp:4)
  A jorogumo (Spider:2)
  A deep troll earth mage (Vaults:5)
  2 hell knights (Depths:1)
  An iron troll (Depths:3)
  A soul eater (Pan)
  A pharaoh ant (Spider:4)
  2 shadow wraiths
  A goliath frog (Swamp:1)
  A death drake (Swamp:4)
  A swamp dragon (Swamp:4)
  5 deep trolls
  2 orb spiders (Spider:4)
  2 bog bodies (Swamp:4)
  A steelbarb worm (Spider:4)
  A necromancer (Vaults:5)
  A deep elf archer (Elf:1)
  A moth of wrath (Zot:5)
  3 wolf spiders
  An orange demon (Depths:2)
  A torpor snail (Spider:3)
  An elf zombie (Vaults:5)
  A yaktaur (Vaults:3)
  A tarantella (Spider:2)
  A slime creature (D:15)
  4 jumping spiders
  A ynoxinul (Pan)
  5 redbacks
  A redback (shapeshifter) (Vaults:5)
  2 chaos spawn (Pan)
  A swamp worm (Swamp:1)
  A glowing shapeshifter skeleton (Vaults:5)
  A human zombie (Vaults:5)
82 creatures vanquished.

Vanquished Creatures (others)
  A dread lich (Zot:5)
  A pandemonium lord (Pan)
  A kraken (Abyss:3)
  2 demonspawn blood saints (Pan)
  A deep troll earth mage (Depths:2)
  A deep elf zephyrmancer (Elf:3)
  A deep elf pyromancer (Elf:3)
  A smoke demon (Depths:2)
  3 bloated husks
  A culicivora (Spider:4)
  A human (Depths:3)
  A golden eye (Pan)
  A hell hound (Hell)
  A hell rat (Hell)
  An orc (D:7)
  3 ball lightnings (Pan)
  13 foxfires
  4 starspawn tentacles (Abyss:3)
  14 tentacles (Abyss:3)
52 creatures vanquished.

Grand Total: 3290 creatures vanquished

Notes
Turn   | Place    | Note
-------+----------+-------------------------------------------
     0 | D:1      | cdecastro the Armataur Warper began the quest for the Orb.
     0 | D:1      | Reached XP level 1. HP: 18/18 MP: 3/3
   173 | D:1      | Reached XP level 2. HP: 17/25 MP: 4/4
   837 | D:1      | Reached XP level 3. HP: 31/31 MP: 5/5
  2007 | D:3      | HP: 1/27 [orc priest/divine providence (8)]
  2119 | D:2      | Reached XP level 4. HP: 27/31 MP: 6/6
  2300 | D:3      | Found a faded altar of an unknown god.
  2476 | D:3      | Reached XP level 5. HP: 39/42 MP: 7/7
  2699 | D:3      | Identified the +0 leather armour of the Blessed Realm
                  | {rPois Str+3 Int+2 Slay-3}
  2750 | D:3      | Reached skill level 5 in Maces & Flails
  3479 | D:4      | Reached XP level 6. HP: 40/51 MP: 8/8
  3908 | D:5      | Entered Level 5 of the Dungeon
  4023 | D:5      | Noticed Eustachio
  4034 | D:5      | Noticed Grinder
  4046 | D:5      | Killed Eustachio
  4047 | D:5      | Reached XP level 7. HP: 41/56 MP: 9/9
  4106 | D:5      | Paralysed by Grinder for 3 turns
  4114 | D:5      | Paralysed by Grinder for 2 turns
  4117 | D:5      | Killed Grinder
  4264 | D:5      | Noticed Edmund
  4265 | D:5      | Noticed Pikel
  4336 | D:5      | Killed Pikel
  4337 | D:5      | Reached XP level 8. HP: 29/64 MP: 10/10
  4533 | D:5      | Killed Edmund
  4772 | D:5      | Reached skill level 10 in Maces & Flails
  4816 | D:5      | Identified the +7 ring mail "Kiwnizut" {rF- rN+ rCorr
                  | Int+7}
  4887 | D:5      | Found an ornate altar of the Wu Jian Council.
  4942 | D:5      | Noticed Menkaure
  4950 | D:5      | Killed Menkaure
  5803 | D:6      | Reached XP level 9. HP: 67/71 MP: 11/11
  5949 | D:6      | Noticed Dowan
  5997 | D:6      | Killed Dowan
  6068 | D:6      | You fall into a shaft and drop 1 floor!
  6071 | D:7      | Found a broken altar of Ashenzari.
  6075 | D:7      | Identified the +1 leather armour "Sounoyda" {rN+ Int+4}
  6077 | D:7      | Found a burning altar of Makhleb.
  6081 | D:7      | Found a shimmering blue altar of Sif Muna.
  6082 | D:7      | Found a white marble altar of Elyvilon.
  6085 | D:7      | Became a worshipper of Makhleb the Destroyer
  6111 | D:7      | Found Zurail Joen's Distillery.
  6123 | D:7      | Bought a potion of heal wounds for 50 gold pieces
  6123 | D:7      | Bought a potion of brilliance for 40 gold pieces
  6123 | D:7      | Bought a potion of might for 40 gold pieces
  6123 | D:7      | Bought a potion of invisibility for 80 gold pieces
  6123 | D:7      | Bought a potion of mutation for 80 gold pieces
  6301 | D:6      | Found a staircase to the Ecumenical Temple.
  6310 | D:6      | Noticed Duvessa
  6320 | D:6      | Killed Duvessa
  6564 | Temple   | Entered the Ecumenical Temple
  7894 | D:7      | Reached * piety under Makhleb
  8424 | D:7      | Bought a potion of curing for 30 gold pieces
  8472 | D:8      | Noticed a skeletal warrior
  8472 | D:8      | Noticed Jaukkuri's ghost (novice DEEE)
  8473 | D:8      | Noticed a cyclops
  8473 | D:8      | Noticed a gargoyle
  8475 | D:8      | Noticed Maurice
  8485 | D:8      | Killed Maurice
  8499 | D:8      | Reached XP level 10. HP: 49/78 MP: 12/12
  8623 | D:8      | Found a transporter.
  8931 | D:8      | Noticed a two-headed ogre
  8948 | D:8      | Killed a two-headed ogre
  9197 | D:8      | Found a transporter.
  9263 | D:8      | Reached ** piety under Makhleb
  9418 | D:8      | Noticed a gargoyle
  9438 | D:8      | Killed a gargoyle
  9599 | D:8      | Noticed Amaemon
  9614 | D:8      | Killed Amaemon
  9615 | D:8      | Reached skill level 5 in Fighting
  9747 | D:8      | Noticed an orange demon
  9754 | D:8      | Killed an orange demon
  9859 | D:8      | Noticed a manticore
  9865 | D:8      | Noticed a two-headed ogre
  9882 | D:8      | Reached skill level 5 in Armour
  9888 | D:8      | Killed a manticore
  9893 | D:8      | Killed a two-headed ogre
  9893 | D:8      | Identified the amulet "Kyedeici" {Faith rPois Will+++ MP-9
                  | Str-5}
  9894 | D:8      | Reached XP level 11. HP: 92/92 MP: 13/13
  9970 | D:8      | Identified the amulet of Erheon {Faith Dex+3}
  9970 | D:8      | Noticed a centaur warrior
  9977 | D:8      | Killed a centaur warrior
 10055 | D:8      | Noticed a boulder beetle
 10089 | D:8      | Killed a boulder beetle
 10232 | D:8      | Noticed a brown ugly thing
 10267 | D:8      | Killed a brown ugly thing
 10695 | D:8      | Identified the ring "Pudila" {EV+5 Int+3}
 10704 | D:8      | Identified the ring "Wemp" {Str+4 Int-3 Dex+6}
 10836 | D:9      | Found a runed translucent door.
 10836 | D:9      | Noticed bnorton916's ghost (journeyman DECj)
 10877 | D:9      | Found a flagged portal.
 10919 | Bailey   | Entered a bailey
 11071 | Bailey   | Reached skill level 10 in Armour
 11123 | Bailey   | Reached *** piety under Makhleb
 11142 | Bailey   | Reached skill level 1 in Invocations
 11150 | Bailey   | Noticed an orc knight
 11174 | Bailey   | Killed an orc knight
 11556 | Bailey   | Noticed an orc warlord
 11985 | D:9      | Found a staircase to the Lair.
 11986 | D:9      | Reached **** piety under Makhleb
 12037 | D:9      | Reached skill level 5 in Invocations
 12159 | D:9      | Found a blossoming altar of Fedhas.
 12562 | D:9      | Found a glowing silver altar of Zin.
 12563 | D:9      | Found a stormy altar of Qazlal.
 12563 | D:9      | Found a sacrificial altar of Ru.
 12602 | D:9      | Noticed a centaur warrior
 12603 | D:9      | Noticed a boulder beetle
 12735 | D:9      | Killed a boulder beetle
 12736 | D:9      | Reached XP level 12. HP: 86/100 MP: 8/17
 12802 | D:9      | Killed a centaur warrior
 12803 | D:9      | Found Umahups's Jewellery Boutique.
 12969 | D:10     | Entered Level 10 of the Dungeon
 13573 | D:10     | Noticed a two-headed ogre
 13592 | D:10     | Killed a two-headed ogre
 13875 | D:10     | Reached ***** piety under Makhleb
 13905 | D:10     | Reached skill level 10 in Invocations
 14392 | D:11     | Noticed a two-headed ogre
 14401 | D:11     | Killed a two-headed ogre
 14550 | D:11     | Found a staircase to the Orcish Mines.
 14810 | D:11     | Noticed a two-headed ogre
 15387 | D:11     | Noticed Nergalle
 15402 | D:11     | Killed Nergalle
 15628 | D:11     | Killed a two-headed ogre
 16016 | D:9      | Bought a ring of see invisible for 240 gold pieces
 16203 | D:12     | Got the Secrets of the Spellbinding Blizzard
 16209 | D:12     | Identified the +6 scale mail of the Usurping Gods {Contam
                  | Regen+ Dex+2}
 16812 | D:12     | Reached XP level 13. HP: 107/107 MP: 13/22
 17353 | D:12     | Found a shimmering blue altar of Sif Muna.
 18129 | D:14     | Found a gate to the Vaults.
 18182 | D:13     | Identified 2 scrolls of acquirement
 18182 | D:13     | Acquired a manual of Armour
 18778 | D:14     | Reached ****** piety under Makhleb
 18795 | D:14     | Reached skill level 15 in Invocations
 19569 | D:15     | Entered Level 15 of the Dungeon
 19863 | D:15     | Reached skill level 15 in Armour
 19964 | D:15     | Reached skill level 4 in Translocations
 20103 | D:15     | HP: 2/107 [meliai/divine providence (16)]
 20105 | D:15     | Reached skill level 5 in Translocations
 20109 | D:15     | Reached XP level 14. HP: 48/114 MP: 16/25
 20546 | D:15     | Learned a level 4 spell: Manifold Assault
 20549 | D:15     | Learned a level 2 spell: Blink
 20553 | D:15     | Learned a level 3 spell: Teleport Other
 20556 | D:15     | Learned a level 2 spell: Lesser Beckoning
 20558 | D:15     | Learned a level 1 spell: Apportation
 20617 | D:15     | Noticed Jorgrun
 20682 | D:15     | Killed Jorgrun
 20683 | D:15     | Reached skill level 6 in Translocations
 20764 | D:15     | Noticed a white very ugly thing
 20933 | D:15     | Killed a white very ugly thing
 20934 | D:15     | Reached skill level 7 in Translocations
 21436 | D:15     | Found a staircase to the Depths.
 21575 | D:15     | Reached skill level 8 in Translocations
 21710 | Lair:1   | Entered Level 1 of the Lair of Beasts
 21952 | Lair:1   | Found a glowing golden altar of the Shining One.
 22610 | Lair:2   | Reached skill level 9 in Translocations
 23076 | Lair:2   | Found a staircase to the Swamp.
 23092 | Lair:2   | Reached skill level 10 in Translocations
 23895 | Lair:3   | Reached skill level 11 in Translocations
 23903 | Lair:3   | Reached skill level 1 in Evocations
 24334 | Lair:3   | Noticed Fannar
 24383 | Lair:3   | Killed Fannar
 24953 | Lair:3   | Found a hole to the Spider Nest.
 25309 | Lair:3   | Reached skill level 5 in Evocations
 25578 | Lair:4   | Found a viscous altar of Jiyva.
 25578 | Lair:4   | Found a staircase to the Slime Pits.
 25853 | Lair:4   | Reached XP level 15. HP: 107/123 MP: 17/26
 26258 | Lair:5   | Entered Level 5 of the Lair of Beasts
 28407 | D:9      | Killed bnorton916's ghost
 28422 | D:9      | Got Gatraul's Book of Bedrock
 28743 | Orc:1    | Entered Level 1 of the Orcish Mines
 29104 | Orc:2    | Entered Level 2 of the Orcish Mines
 29244 | Orc:2    | Found a staircase to the Elven Halls.
 29253 | Orc:1    | Noticed Erolcha
 29265 | Orc:2    | Killed Erolcha
 29854 | Orc:2    | Reached skill level 10 in Fighting
 30326 | Orc:2    | Found Naycham's General Store.
 30368 | Orc:2    | Found Azeim's Jewellery Shoppe.
 30384 | Orc:2    | Found Qotij's Antique Armour Shoppe.
 30585 | Orc:2    | Found Afo Qiypp's Antique Weapon Shoppe.
 30647 | Orc:2    | Found Quxuwis's Book Shop.
 30785 | Orc:2    | Bought a pair of glowing gloves for 240 gold pieces
 31001 | D:8      | Killed Jaukkuri's ghost
 31162 | Swamp:1  | Entered Level 1 of the Swamp
 31633 | Swamp:1  | You fall into a shaft and drop 1 floor!
 32585 | Swamp:2  | Reached XP level 16. HP: 140/143 MP: 18/27
 32741 | Swamp:2  | Identified the +5 flail of Objectivity {heavy, rN+ Dex+5}
 33677 | Swamp:4  | Entered Level 4 of the Swamp
 34217 | Swamp:4  | HP: 6/143 [bunyip (16)]
 34378 | Swamp:4  | Noticed a thorn hunter
 34524 | Swamp:3  | Reached skill level 10 in Evocations
 34553 | Swamp:4  | Noticed a thorn hunter
 34617 | Swamp:3  | Killed a thorn hunter
 34843 | Swamp:4  | Killed a thorn hunter
 35020 | Swamp:4  | Noticed a thorn hunter
 35380 | Swamp:4  | Killed a thorn hunter
 35545 | Swamp:4  | Got a decaying rune of Zot
 36066 | Spider:1 | Entered Level 1 of the Spider Nest
 37027 | Spider:1 | Reached XP level 17. HP: 128/157 MP: 1/29
 37217 | Spider:1 | Identified the +2 pair of boots of Entitlement {+Inv Int+8
                  | Dex-2 Stlth-}
 38002 | Spider:2 | Gained mutation: You have hidden genetic defects.
                  | [mutagenic glow]
 38058 | Spider:2 | Lost mutation: You have hidden genetic defects. [potion of
                  | mutation]
 38058 | Spider:2 | Gained mutation: You have hidden genetic potential. [potion
                  | of mutation]
 38058 | Spider:2 | Lost mutation: You have hidden genetic potential. [potion
                  | of mutation]
 38058 | Spider:2 | Gained mutation: You sometimes lose your temper in combat.
                  | [potion of mutation]
 38058 | Spider:2 | Gained mutation: You expend magic power (3 MP) to
                  | strengthen your wands. [potion of mutation]
 38058 | Spider:2 | Gained mutation: You have sharp toenails. [potion of
                  | mutation]
 39347 | Spider:3 | Noticed Arachne
 39861 | Spider:3 | HP: 7/162 [spark wasp (15)]
 40396 | Spider:3 | Killed Arachne
 40471 | Spider:3 | Reached skill level 15 in Fighting
 40543 | Spider:3 | Identified the staff of air "Zahok" {rElec rC+++ Will+
                  | rCorr Dex-4}
 40650 | Spider:4 | Entered Level 4 of the Spider Nest
 42202 | Spider:4 | Reached XP level 18. HP: 87/174 MP: 7/30
 42581 | Spider:4 | Found the +3 hat of Pondering {ponderous, Will+ MP+10
                  | Int+5}
 42695 | Spider:4 | Identified the +2 pair of boots "Agomp" {Int+6}
 42697 | Spider:4 | Got a gossamer rune of Zot
 43241 | Orc:2    | Bought bronze swamp dragon scales for 1760 gold pieces
 43241 | Orc:2    | Identified the +10 swamp dragon scales of Indomitability
                  | {rPois Regen+ Slay+6} (You bought it in a shop on level 2
                  | of the Orcish Mines)
 43257 | Orc:2    | Bought the ring "Nitaiwa" {Wiz rF+ rC- Stlth+} for 636 gold
                  | pieces
 43427 | D:15     | Gained mutation: You have an uncontrollable temper.
                  | [mutagenic glow]
 43464 | D:15     | Lost mutation: You have an uncontrollable temper. [potion
                  | of mutation]
 43464 | D:15     | Lost mutation: You have sharp toenails. [potion of
                  | mutation]
 43464 | D:15     | Lost mutation: You sometimes lose your temper in combat.
                  | [potion of mutation]
 43464 | D:15     | Lost mutation: You expend magic power (3 MP) to strengthen
                  | your wands. [potion of mutation]
 43464 | D:15     | Gained mutation: Your tail ends in a venomous barb. [potion
                  | of mutation]
 43464 | D:15     | Gained mutation: Your flesh is cold resistant. (rC+)
                  | [potion of mutation]
 43464 | D:15     | Gained mutation: You occasionally shout uncontrollably at
                  | your foes. [potion of mutation]
 43464 | D:15     | Gained mutation: You have sharp toenails. [potion of
                  | mutation]
 43467 | D:15     | Acquired a +2 eveningstar of protection
 43476 | Depths:1 | Entered Level 1 of the Depths
 43739 | Depths:1 | Found a one-way gate to the infinite horrors of the Abyss.
 44129 | Depths:1 | Found a glowing golden altar of the Shining One.
 44149 | Depths:1 | Found a burning altar of Makhleb.
 44334 | Depths:1 | Reached skill level 15 in Evocations
 44613 | Depths:1 | Found a one-way gate leading to the halls of Pandemonium.
 44671 | Depths:1 | Found a gateway to Hell.
 44913 | Depths:1 | Paralysed by a floating eye for 4 turns
 45227 | Depths:2 | Reached skill level 1 in Shields
 45363 | Depths:2 | Found a runed translucent door.
 45425 | Depths:2 | Noticed the Enchantress
 45470 | Depths:2 | Killed the Enchantress
 45471 | Depths:2 | Reached skill level 5 in Shields
 45647 | Depths:2 | Reached skill level 12 in Translocations
 45966 | Depths:2 | Found Xooxty's Jewellery Shop.
 46255 | Depths:2 | Reached skill level 13 in Translocations
 46381 | Depths:2 | Reached XP level 19. HP: 175/181 MP: 22/31
 46630 | Depths:2 | Noticed VictoriousLee's ghost (adept FoFi)
 46647 | Depths:2 | Killed VictoriousLee's ghost
 46706 | Depths:2 | Learned a level 3 spell: Vhi's Electric Charge
 47019 | Depths:3 | Noticed a golden dragon
 47066 | Depths:3 | Killed a golden dragon
 47067 | Depths:3 | Reached skill level 14 in Translocations
 47308 | Depths:3 | Noticed a golden dragon
 47321 | Depths:3 | Killed a golden dragon
 47799 | Depths:3 | Found a runed door.
 48427 | Depths:4 | Entered Level 4 of the Depths
 48434 | Depths:3 | Reached skill level 15 in Translocations
 48533 | Depths:4 | Paralysed by a floating eye for 2 turns
 48617 | Depths:4 | Paralysed by a floating eye for 4 turns
 50110 | Depths:4 | Found a one-way gateway to a ziggurat.
 50190 | Depths:4 | Identified the +3 scale mail of the Great Game {Int+4
                  | Stlth+}
 50206 | Depths:4 | Found an opulent altar of Gozag.
 50249 | Depths:4 | Found a sacrificial altar of Ru.
 50383 | Depths:4 | Noticed a bone dragon
 50427 | Depths:4 | Killed a bone dragon
 50548 | Depths:4 | Noticed a bone dragon
 50598 | Depths:4 | Killed a bone dragon
 50723 | Depths:4 | Found Udaseb's Antique Weapon Boutique.
 50997 | Depths:4 | Found a gate to the Realm of Zot.
 51282 | Elf:1    | Entered Level 1 of the Elven Halls
 51483 | Elf:1    | Noticed Frances
 51515 | Elf:1    | Killed Frances
 51520 | Elf:1    | Reached XP level 20. HP: 38/190 MP: 24/33
 51809 | Elf:1    | Found Xiecat's General Store.
 51834 | Elf:1    | Bought a wand of iceblast (2) for 86 gold pieces
 51834 | Elf:1    | Bought a scroll of magic mapping for 135 gold pieces
 51834 | Elf:1    | Bought a scroll of poison for 72 gold pieces
 52565 | Elf:2    | Found a runed translucent gate.
 52566 | Elf:2    | Found a runed translucent gate.
 52566 | Elf:2    | Found a runed translucent gate.
 52649 | Elf:2    | Paralysed by an air elemental for 1 turns
 53851 | Elf:3    | Entered Level 3 of the Elven Halls
 56250 | Elf:3    | Identified the +7 chain mail of Lugonu's Delight {Drain
                  | rCorr Dex+2}
 56290 | Elf:3    | Identified the amulet of the Sky {Faith Rampage}
 56327 | Elf:3    | Identified the staff of death "Zioviug" {rN+ SInv Stlth+}
 56346 | Elf:3    | Identified the +8 falchion "Oruirot" {drain, rF+ Will+
                  | Dex+4}
 56347 | Elf:3    | Identified the staff of poison "Moidghawi" {rPois rF+ rCorr
                  | Stlth+}
 56381 | Elf:3    | Identified the ring "Paja" {+Blink rCorr Dex+6}
 56383 | Elf:3    | Identified the staff of cold "Subioc" {rElec rC+ rCorr
                  | Dex-4}
 56759 | Vaults:1 | Entered Level 1 of the Vaults
 57178 | Vaults:1 | Reached XP level 21. HP: 205/205 MP: 26/35
 58183 | Vaults:1 | You fall into a shaft and drop 1 floor!
 59799 | Vaults:2 | Found Udybb's Antique Weapon Shoppe.
 60008 | Vaults:3 | Noticed Asterion
 60025 | Vaults:3 | Killed Asterion
 60115 | Vaults:3 | Noticed Mennas
 60139 | Vaults:3 | Killed Mennas
 60276 | Vaults:3 | Noticed Frederick
 60289 | Vaults:3 | Killed Frederick
 60470 | Vaults:3 | Noticed Jory
 60652 | Vaults:3 | Identified the amulet of Cereirch {Spirit Will+ MP+9}
 60866 | Vaults:3 | Found a staircase to the Crypt.
 61012 | Vaults:3 | Killed Jory
 61130 | Vaults:3 | Noticed Nikola
 61134 | Vaults:3 | Killed Nikola
 61135 | Vaults:3 | Reached XP level 22. HP: 223/223 MP: 23/36
 61654 | Vaults:4 | Identified the +4 pair of gloves of Eluwicothra {Will+
                  | rCorr MP+9}
 61855 | Vaults:4 | Identified the ring "Kuxuck" {MP+9 Dex+4}
 63287 | Crypt:1  | Entered Level 1 of the Crypt
 63431 | Crypt:1  | Reached skill level 15 in Maces & Flails
 63432 | Crypt:1  | Noticed Saint Roka
 63494 | Crypt:1  | Noticed Khufu
 63633 | Vaults:5 | Entered Level 5 of the Vaults
 63640 | Vaults:5 | Noticed Xtahua
 63641 | Vaults:5 | Noticed a dread lich
 63649 | Vaults:5 | HP: 6/223 [titan (33)]
 63892 | Vaults:5 | Killed a dread lich
 64247 | Vaults:5 | Noticed a golden dragon
 64257 | Vaults:5 | Killed a golden dragon
 64542 | Vaults:5 | Noticed Sojobo
 64549 | Vaults:5 | Paralysed by an air elemental for 1 turns
 64555 | Vaults:5 | Paralysed by an air elemental for 1 turns
 64563 | Vaults:5 | Paralysed by an air elemental for 1 turns
 64567 | Vaults:5 | Killed Sojobo
 64599 | Vaults:5 | Reached XP level 23. HP: 178/230 MP: 37/37
 64687 | Vaults:5 | Killed Xtahua
 64692 | Vaults:5 | Noticed a dread lich
 64692 | Vaults:5 | Identified the +6 shortbow "Palyetya" {speed, Dex+3}
 64700 | Vaults:5 | Killed a dread lich
 65094 | Vaults:5 | Got a silver rune of Zot
 65287 | Vaults:5 | Identified the +3 scale mail of Icisch {rElec rC+}
 65325 | Vaults:5 | Identified the staff of earth "Yteek" {rPois rC- Str+7
                  | Dex+2}
 65426 | Vaults:5 | Identified the +2 chain mail "Uries" {rN+ Regen+ Int+4
                  | Slay-3}
 65471 | Vaults:5 | Identified the ring "Cepse" {AC+4 Int+3}
 65697 | Vaults:5 | Identified the +0 chain mail of Free Expression {rC+}
 65699 | Vaults:5 | Identified the +0 scale mail of Shadows and Fog {rCorr
                  | Str+2 Dex+3}
 65700 | Vaults:5 | Identified the +0 ring mail "Uheosul" {Harm rF- Int+6
                  | Dex-2}
 66086 | Vaults:5 | Identified the staff of air "Nebupees" {rElec rPois rN+
                  | Stlth+}
 66333 | D:15     | Acquired the +7 great mace "Undeadhunter" {deathbane, rN+}
 66333 | D:15     | Found the +7 great mace "Undeadhunter" {deathbane, rN+}
 66503 | Vaults:3 | Killed Khufu
 66521 | Crypt:1  | Killed Saint Roka
 66563 | Crypt:1  | Noticed Bai Suzhen
 66593 | Crypt:1  | Killed Bai Suzhen
 66702 | Crypt:1  | Identified the +1 dagger "Conservator" {heavy, rF+ Will-
                  | Dex+9}
 66709 | Crypt:1  | Noticed Donald
 66723 | Crypt:1  | Killed Donald
 67267 | Crypt:2  | Identified the +1 robe of Insecurity {Dex+3}
 68073 | Crypt:3  | Entered Level 3 of the Crypt
 68073 | Crypt:3  | Noticed Margery
 68192 | Crypt:2  | Killed Margery
 68202 | Crypt:2  | HP: 1/226 [Margery the human simulacrum (15)]
 68629 | Crypt:3  | Reached XP level 24. HP: 228/239 MP: 37/37
 69015 | Crypt:3  | Found a staircase to the Tomb.
 69419 | Crypt:3  | Found an ancient bone altar of Kikubaaqudgha.
 69431 | Crypt:3  | Identified the orb of Charity {guile, rPois SInv Stlth+}
 69805 | Crypt:3  | Got the Reference Book on Darkness
 69815 | Crypt:3  | Identified the amulet "Gyiluudi" {rPois rN+ Regen+ Int+3
                  | Dex-4}
 69815 | Crypt:3  | Identified the ring of Sakkaste {rN+ Str+3}
 69820 | Crypt:3  | Identified the +2 helmet of Weightlessness {rN+ Will+}
 69845 | Crypt:3  | Identified the +3 ring mail of Grace {-Cast rPois rF++}
 70219 | Tomb:1   | Entered Level 1 of the Tomb of the Ancients
 72355 | Depths:3 | Noticed an ancient lich
 72371 | Depths:3 | Killed an ancient lich
 72503 | Depths:3 | Identified the +10 morningstar "Newtslayer" {elec, rC+}
 72508 | Depths:3 | Acquired the +6 barding of Paranoia {Drain rPois rN+ Dex+4}
 72572 | Depths:3 | Reached skill level 16 in Translocations
 72858 | Depths:3 | Got the Directory of Wounds and Kindling
 72859 | Depths:3 | Identified the ring of Minaily {rElec Dex+5 Slay+4}
 72983 | Zot:1    | Entered Level 1 of the Realm of Zot
 74281 | Zot:1    | Reached skill level 5 in Dodging
 74879 | Zot:2    | Noticed an orb of fire
 74904 | Zot:2    | Killed an orb of fire
 74905 | Zot:2    | Reached XP level 25. HP: 247/247 MP: 4/37
 74933 | Zot:2    | Noticed an orb of fire
 74958 | Zot:2    | Killed an orb of fire
 75237 | Zot:2    | Noticed an orb of fire
 75273 | Zot:2    | Gained mutation: Your body sometimes deteriorates upon
                  | taking damage. [an orb of fire]
 75285 | Zot:2    | Gained mutation: Your magical capacity is low. (-10% MP)
                  | [an orb of fire]
 75287 | Zot:2    | Gained mutation: You are frail. (-10% HP) [an orb of fire]
 75287 | Zot:2    | Killed an orb of fire
 75452 | Zot:3    | Learned a level 6 spell: Dispersal
 75560 | Zot:3    | Noticed an orb of fire
 75574 | Zot:3    | Gained mutation: Your magical capacity is very low. (-20%
                  | MP) [an orb of fire]
 75577 | Zot:3    | Gained mutation: You are occasionally teleported next to
                  | monsters. [an orb of fire]
 75582 | Zot:3    | Killed an orb of fire
 75668 | Zot:3    | Lost mutation: Your tail ends in a venomous barb. [potion
                  | of mutation]
 75668 | Zot:3    | Lost mutation: Your flesh is cold resistant. (rC+) [potion
                  | of mutation]
 75668 | Zot:3    | Lost mutation: You occasionally shout uncontrollably at
                  | your foes. [potion of mutation]
 75668 | Zot:3    | Lost mutation: Your magical capacity is very low. (-20% MP)
                  | [potion of mutation]
 75668 | Zot:3    | Lost mutation: You have sharp toenails. [potion of
                  | mutation]
 75668 | Zot:3    | Lost mutation: You are occasionally teleported next to
                  | monsters. [potion of mutation]
 75668 | Zot:3    | Gained mutation: You have hidden genetic potential. [potion
                  | of mutation]
 75668 | Zot:3    | Gained mutation: You have a pair of small horns on your
                  | head. [potion of mutation]
 76994 | Zot:4    | Noticed a Killer Klown
 76995 | Zot:4    | Noticed a Killer Klown
 77014 | Zot:4    | Killed a Killer Klown
 77046 | Zot:4    | Killed a Killer Klown
 77281 | Zot:4    | Reached skill level 10 in Dodging
 78073 | Zot:5    | Entered Level 5 of the Realm of Zot
 78308 | Zot:4    | Reached skill level 17 in Translocations
 79012 | Zot:5    | Noticed an ancient lich
 79022 | Zot:5    | Killed an ancient lich
 79091 | Zot:5    | Noticed a dread lich
 79106 | Zot:5    | Killed a dread lich
 79107 | Zot:5    | Reached skill level 18 in Translocations
 79132 | Zot:5    | Noticed an orb of fire
 79135 | Zot:5    | Noticed a Killer Klown
 79152 | Zot:5    | Gained mutation: You are dopey. (Int -2) [an orb of fire]
 79154 | Zot:5    | Killed an orb of fire
 79168 | Zot:5    | Killed a Killer Klown
 79251 | Zot:5    | Noticed an orb of fire
 79254 | Zot:5    | Gained mutation: You are very dopey. (Int -4) [an orb of
                  | fire]
 79266 | Zot:5    | Killed an orb of fire
 79267 | Zot:5    | Reached skill level 19 in Translocations
 79288 | Zot:5    | Reached XP level 26. HP: 185/231 MP: 33/33
 79402 | Zot:5    | Noticed an orb of fire
 79413 | Zot:5    | Killed an orb of fire
 79613 | Zot:5    | Reached skill level 20 in Translocations
 79618 | Zot:5    | Gained mutation: You expend magic power (3 MP) to
                  | strengthen your wands. [hidden potential]
 79887 | Zot:5    | Noticed an orb of fire
 79908 | Zot:5    | Killed an orb of fire
 79934 | Zot:5    | Reached skill level 5 in Spellcasting
 79953 | Zot:5    | Noticed a dread lich
 79963 | Zot:5    | Killed a dread lich
 80146 | Zot:5    | Noticed a dread lich
 80149 | Zot:5    | Noticed an orb of fire
 80152 | Zot:5    | Gained mutation: You are weak. (Str -2) [an orb of fire]
 80159 | Zot:5    | Killed a dread lich
 80165 | Zot:5    | Killed an orb of fire
 80288 | Zot:5    | Identified the +1 scale mail of the Shore {rCorr SInv}
 80859 | D:15     | Lost mutation: You are frail. (-10% HP) [potion of
                  | mutation]
 80859 | D:15     | Lost mutation: You expend magic power (3 MP) to strengthen
                  | your wands. [potion of mutation]
 80859 | D:15     | Lost mutation: You are weak. (Str -2) [potion of mutation]
 80859 | D:15     | Lost mutation: You are very dopey. (Int -4) [potion of
                  | mutation]
 80859 | D:15     | Lost mutation: You have hidden genetic potential. [potion
                  | of mutation]
 80859 | D:15     | Lost mutation: Your body sometimes deteriorates upon taking
                  | damage. [potion of mutation]
 80859 | D:15     | Gained mutation: You occasionally lose the ability to read
                  | scrolls when taking damage. [potion of mutation]
 80859 | D:15     | Gained mutation: You are partially covered in iridescent
                  | scales. (AC +2) [potion of mutation]
 80859 | D:15     | Gained mutation: You passively map a small area around you.
                  | [potion of mutation]
 80860 | D:15     | Lost mutation: You are dopey. (Int -2) [potion of mutation]
 80860 | D:15     | Lost mutation: Your magical capacity is low. (-10% MP)
                  | [potion of mutation]
 80860 | D:15     | Lost mutation: You passively map a small area around you.
                  | [potion of mutation]
 80860 | D:15     | Lost mutation: You are partially covered in iridescent
                  | scales. (AC +2) [potion of mutation]
 80860 | D:15     | Lost mutation: You have a pair of small horns on your head.
                  | [potion of mutation]
 80860 | D:15     | Lost mutation: You occasionally lose the ability to read
                  | scrolls when taking damage. [potion of mutation]
 80860 | D:15     | Gained mutation: You have sharp toenails. [potion of
                  | mutation]
 80860 | D:15     | Gained mutation: Potions are less effective at restoring
                  | your health. [potion of mutation]
 80860 | D:15     | Gained mutation: You are resistant to electric shocks.
                  | (rElec) [potion of mutation]
 80875 | D:15     | Learned a level 3 spell: Gell's Gravitas
 80881 | D:15     | Learned a level 5 spell: Summon Forest
 80890 | D:15     | Learned a level 8 spell: Disjunction
 80952 | Depths:1 | Voluntarily entered the Abyss.
 81118 | Abyss:3  | Found a corrupted altar of Lugonu.
 81227 | Abyss:3  | Got an abyssal rune of Zot
 81275 | Abyss:3  | Found a snail-covered altar of Cheibriados.
 81453 | Depths:1 | Escaped the Abyss
 81726 | Slime:1  | Entered Level 1 of the Pits of Slime
 82047 | Slime:2  | Gained mutation: You are frail. (-10% HP) [a shining eye]
 82169 | Slime:3  | Noticed Dissolution
 82183 | Slime:2  | Killed Dissolution
 82203 | Slime:3  | Reached skill level 21 in Translocations
 82406 | Slime:5  | Entered Level 5 of the Pits of Slime
 82641 | Slime:5  | Noticed the Royal Jelly
 82863 | Slime:5  | Gained mutation: Your body sometimes deteriorates upon
                  | taking damage. [a shining eye]
 83607 | Slime:4  | Reached skill level 22 in Translocations
 83966 | Slime:5  | Found a viscous altar of Jiyva.
 83970 | Slime:5  | Found the +11 plutonium sword {Contam Stlth-}
 84230 | Slime:5  | Killed the Royal Jelly
 84231 | Slime:5  | Reached XP level 27. HP: 167/238 MP: 37/37
 84321 | Slime:5  | Identified the +5 shortbow of Armageddon {flame, rCorr
                  | Str+3}
 84330 | Slime:5  | Identified the ring "Ynazicoo" {AC+4 Dex+5}
 84332 | Slime:5  | Got the Incunabulum of Chilling Energy
 84337 | Slime:5  | Identified the +8 dagger of Triumph {antimagic, Str+5}
 84358 | Slime:5  | Identified the staff of air "Xaaxuth" {rElec rF- rN++
                  | Str+5}
 84360 | Slime:5  | Got a slimy rune of Zot
 84361 | Slime:5  | Identified the +5 kite shield "Miyrean" {Contam rElec Int+4
                  | Stlth+}
 84826 | Hell     | Entered the Vestibule of Hell
 84828 | Hell     | Noticed Geryon
 84888 | Hell     | Noticed Murray
 85366 | Depths:2 | Killed Murray
 85412 | Depths:2 | Reached skill level 23 in Translocations
 85888 | Hell     | Killed Geryon
 86098 | Hell     | Found a gateway to the ashen valley of Gehenna.
 86221 | Hell     | Found a gateway to the decaying netherworld of Tartarus.
 86271 | Hell     | Found a gateway to the freezing wastes of Cocytus.
 86296 | Hell     | Reached skill level 24 in Translocations
 86488 | Hell     | Found a gateway to the Iron City of Dis.
 86812 | Pan      | Entered Pandemonium
 86863 | Pan      | Noticed Uceshebi the pandemonium lord
 86878 | Abyss:3  | Cast into level 3 of the Abyss (reaper)
 87259 | Pan      | Escaped the Abyss
 87291 | Pan      | Killed Uceshebi the pandemonium lord
 87292 | Pan      | Reached skill level 25 in Translocations
 88301 | Pan      | Found an exit through the horrors of the Abyss.
 89069 | Pan      | Noticed Cegably the pandemonium lord
 89236 | Pan      | Killed Cegably the pandemonium lord
 89724 | Pan      | Got a demonic rune of Zot
 89865 | Pan      | Found a transporter.
 90284 | Pan      | Found a transporter.
 90338 | Pan      | Identified the amulet of Vianu {Regen+ Dex+3}
 92176 | Pan      | Noticed Arymud the pandemonium lord
 92207 | Pan      | Killed Arymud the pandemonium lord
 92653 | Pan      | Entered the realm of Mnoleg.
 92694 | Pan      | Gained mutation: You occasionally shout uncontrollably at
                  | your foes. [a cacodemon]
 92837 | Pan      | Found an exit through the horrors of the Abyss.
 92841 | Pan      | Gained mutation: You are very frail. (-20% HP) [a
                  | cacodemon]
 92908 | Pan      | Gained mutation: You are clumsy. (Dex -2) [a neqoxec]
 92910 | Pan      | Gained mutation: Your spells are a little easier to cast,
                  | but a little less powerful. [a neqoxec]
 93580 | Pan      | Gained mutation: You are very clumsy. (Dex -4) [a neqoxec]
 93658 | Pan      | Paralysed by a floating eye for 2 turns
 93768 | Pan      | Noticed Mnoleg
 93794 | Pan      | Lost mutation: Potions are less effective at restoring your
                  | health. [a shining eye]
 93801 | Pan      | Gained mutation: You are dopey. (Int -2) [a shining eye]
 93804 | Pan      | Killed Mnoleg
 93915 | Pan      | Identified the ring "Foluittu" {rElec Will+ Int+3 Dex+6}
 93935 | Pan      | Got a glowing rune of Zot
 93981 | Pan      | Lost mutation: You are very frail. (-20% HP) [potion of
                  | mutation]
 93981 | Pan      | Lost mutation: You occasionally shout uncontrollably at
                  | your foes. [potion of mutation]
 93981 | Pan      | Lost mutation: Your body sometimes deteriorates upon taking
                  | damage. [potion of mutation]
 93981 | Pan      | Lost mutation: Your spells are a little easier to cast, but
                  | a little less powerful. [potion of mutation]
 93981 | Pan      | Gained mutation: You occasionally lose the ability to drink
                  | potions when taking damage. [potion of mutation]
 93981 | Pan      | Gained mutation: You expend magic power (3 MP) to
                  | strengthen your wands. [potion of mutation]
 93981 | Pan      | Gained mutation: You have a pair of small horns on your
                  | head. [potion of mutation]
 93981 | Pan      | Lost mutation: You are frail. (-10% HP) [potion of
                  | mutation]
 93981 | Pan      | Lost mutation: You are dopey. (Int -2) [potion of mutation]
 93981 | Pan      | Gained mutation: You are partially covered in iridescent
                  | scales. (AC +2) [potion of mutation]
 93982 | Pan      | Lost mutation: You have sharp toenails. [potion of
                  | mutation]
 93982 | Pan      | Lost mutation: You are resistant to electric shocks.
                  | (rElec) [potion of mutation]
 93982 | Pan      | Lost mutation: You are very clumsy. (Dex -4) [potion of
                  | mutation]
 93982 | Pan      | Lost mutation: You have a pair of small horns on your head.
                  | [potion of mutation]
 93982 | Pan      | Lost mutation: You are clumsy. (Dex -2) [potion of
                  | mutation]
 93982 | Pan      | Lost mutation: You are partially covered in iridescent
                  | scales. (AC +2) [potion of mutation]
 93982 | Pan      | Gained mutation: You are weak. (Str -2) [potion of
                  | mutation]
 93982 | Pan      | Gained mutation: You occasionally lose the ability to read
                  | scrolls when taking damage. [potion of mutation]
 93982 | Pan      | Gained mutation: You possess an exceptional clarity of
                  | mind. [potion of mutation]
 93982 | Pan      | Lost mutation: You occasionally lose the ability to drink
                  | potions when taking damage. [potion of mutation]
 93982 | Pan      | Gained mutation: You are partially covered in iridescent
                  | scales. (AC +2) [potion of mutation]
 93982 | Pan      | Gained mutation: You are mostly covered in iridescent
                  | scales. (AC +4) [potion of mutation]
 94298 | Pan      | Noticed Ubrair the pandemonium lord
 94309 | Pan      | Killed Ubrair the pandemonium lord
 94742 | Pan      | Found an exit through the horrors of the Abyss.
 95852 | Pan      | Noticed Tysurit the pandemonium lord
 95884 | Pan      | Killed Tysurit the pandemonium lord
 96176 | Pan      | Gained mutation: Your body sometimes deteriorates upon
                  | taking damage. [a neqoxec]
 96179 | Pan      | Gained mutation: You are dopey. (Int -2) [a neqoxec]
 96188 | Pan      | Reached skill level 10 in Spellcasting
 96397 | Pan      | Found a transporter.
 96776 | Pan      | Found a transporter.
 97174 | Pan      | Learned a level 3 spell: Volatile Blastmotes
 97179 | Pan      | Learned a level 4 spell: Iskenderun's Mystic Blast
 97183 | Pan      | Learned a level 3 spell: Swiftness
 97205 | Pan      | Reached skill level 1 in Air Magic
 97442 | Pan      | Gained mutation: Your magical capacity is low. (-10% MP) [a
                  | cacodemon]
 97775 | Pan      | Identified the +8 dagger of Gehenna {vamp, Contam rF+
                  | Will+}
 98190 | Pan      | Reached skill level 5 in Air Magic
 98201 | Pan      | Noticed Kenoigh the pandemonium lord
 98216 | Pan      | Killed Kenoigh the pandemonium lord
 98528 | Pan      | Noticed Xolim the pandemonium lord
 98545 | Pan      | Killed Xolim the pandemonium lord
 99281 | Pan      | Entered the realm of Gloorx Vloq.
 99281 | Pan      | Found an exit through the horrors of the Abyss.
 99550 | Pan      | Acquired a Grand Grimoire
100731 | Pan      | Noticed Gloorx Vloq
101494 | Pan      | HP: 12/271 [??? (4)]
101799 | Pan      | Killed Gloorx Vloq
101812 | Pan      | Got a dark rune of Zot
102072 | Pan      | Entered the realm of Cerebov.
102441 | Pan      | Reached skill level 15 in Spellcasting
102801 | Pan      | Identified the +0 spear of Instinct {freeze, Str+2}
102808 | Pan      | Identified the amulet "Jeoteol" {Reflect rCorr Str-3 Int+4
                  | Slay+3 SH+5}
102885 | Pan      | Identified the staff of air "Jexemp" {rElec Str+2}
102889 | Pan      | Identified the +0 ring mail "Xihiuki" {Str+2 Dex+3}
102891 | Pan      | Identified the +3 buckler of Privacy {Str+5}
103250 | Pan      | Learned a level 7 spell: Malign Gateway
103534 | Pan      | Found the +6 sword of Cerebov {flame}
103534 | Pan      | Noticed Cerebov
103672 | Pan      | Identified the ring "Jiliew" {rN+ MP+9 Str+4}
103707 | Pan      | HP: 4/406 [Cerebov/the +6 sword of Cerebov {flame} (38)]
103707 | Pan      | Slain by Cerebov

Illustrated notes

Levels and vault maps discovered:
D:1:      minmay_arrival_plants_in_alcoves, layout_basic, minmay_tall_x
D:2:      layout_basic, chequers_serial_rivers_marsh
D:3:      layout_loops_ring, shapermc_ecumenical_altar_mp_urbaneastern
D:4:      layout_basic, grunt_decor_cap
D:5:      layout_basic, lemuel_coloured_pillars_altar, grunt_ministairs_7,
          hangedman_decor_peaks_small, uniq_eustachio, uniq_grinder,
          uniq_edmund, uniq_pikel, uniq_menkaure
D:6:      layout_basic, minmay_temple_entry_grid, lemuel_flamethrower_1,
          uniq_duvessa
D:7:      layout_rooms, minitemple, serial_shops, shop, serial_bayou,
          serial_bayou_shore_b, serial_bayou_shore_a, serial_bayou_lake_a,
          serial_bayou_pond_a, serial_bayou_crossing, serial_bayou_lagoon_b,
          columned_hall_lemuel
D:8:      minmay_the_grid_triangle_9x9_rhombus_full
          [minmay_the_grid_triangle_9x9_flanged_cone,
          minmay_the_grid_triangle_9x9_corrupted_corridor,
          minmay_the_grid_triangle_9x9_wacky_v,
          minmay_the_grid_triangle_9x9_minimal,
          minmay_the_grid_triangle_9x9_intruding_spiral,
          minmay_the_grid_triangle_9x9_odd_lines,
          minmay_the_grid_triangle_9x9_checkered,
          minmay_the_grid_triangle_9x9_prize_special], layout_rooms,
          gammafunk_ghost_arena, serial_demonic, serial_demonic_a,
          serial_demonic_f, serial_demonic_d, serial_demonic_f,
          serial_demonic_b, grunt_ogre_cave, uniq_maurice, uniq_amaemon
D:9:      layout_roguey, mainiacjoe_overflow_alcove_3, hellmonk_lair_entry_icy,
          hellmonk_ghost_big_iron, enter_bailey_5, serial_shops,
          nicolae_shop_gaudy_bauble, minmay_checkerbox
D:10:     layout_roguey
D:11:     layout_long_grid, david_orc_1_choice, st_stairs_8, pond, uniq_nergalle
D:12:     layout_basic, grunt_ministairs_12, lemuel_blue_sif_altar
D:13:     layout_rooms
D:14:     layout_grid_maze, david_vaults_3, dreamdust_princess_corridor,
          nicolae_kite_square_tiling_tiny
D:15:     gammafunk_enter_depths_forms, layout_basic, hangedman_glass_teeth,
          uniq_jorgrun
Temple:   compressed_dpeg_triangle_lava_temple
Lair:1:   layout_loops_ring, basic_altar, st_stairs_5, lemuel_fruit_fields
Lair:2:   layout_regular_city, skrybe_swamp_entry_bodies, serial_rivers,
          chequers_serial_rivers_room_b, chequers_serial_rivers_micro_e,
          chequers_serial_rivers_marsh, chequers_serial_rivers_small_a,
          chequers_serial_rivers_marsh, chequers_serial_rivers_room_b,
          lemuel_fruit_tree
Lair:3:   layout_roguey, spider_nest_entry_webs, infiniplex_staircase_pool,
          grunt_megastairs_5, lemuel_fruit_fields, uniq_fannar
Lair:4:   layout_cave_pods, slime_entry_1
Lair:5:   guppyfry_lair_end_dragon, layout_misc_corridors,
          hangedman_lair_caniforms_friends, minivault_25
Swamp:1:  layout_basic_swamp, hangedman_swamp_ruin_wall, swamp_pool1,
          hangedman_swamp_dais
Swamp:2:  layout_falls_marsh, evilmike_swamp_ruin_house_5, swamp_pool5
Swamp:3:  layout_basic_swamp, evilmike_swamp_ruin_house_3
Swamp:4:  swamp_basic_johnstein, layout_basic_swamp, swamp_pool2
Spider:1: layout_spider_delve
Spider:2: layout_spider_delve
Spider:3: layout_spider_delve, hangedman_spider_mandibles,
          nicolae_spider_not_touching_you, uniq_arachne
Spider:4: hellmonk_spider_rune_endless_swarm
Slime:1:  layout_caves, nicolae_slime_phagocytosis
Slime:2:  layout_caves
Slime:3:  layout_caves, dissolution_awaits
Slime:4:  layout_caves
Slime:5
Orc:1:    layout_diamond_mine, uniq_erolcha
Orc:2:    grunt_orc_cross, layout_diamond_mine, serial_shops,
          nicolae_lakefront_shop, mines4_lemuel
Elf:1:    layout_geoelf_octagon, serial_shops, shop, minivault_28,
          dreamdust_princess_bridge, uniq_frances
Elf:2:    nicolae_elf_blades_crystal_corner, layout_geoelf_diagonals
Elf:3:    minmay_elf_hall, layout_loops_ring
Vaults:1: v_misc_33, nicolae_vaults_security_offices_4,
          nicolae_vaults_more_shelving_1, v_misc_13,
          nicolae_vaults_disjoint_gnomons, nicolae_vaults_little_ls,
          vaults_standard_mumra_x, vaults_dpeg_cross, vaults_mumra_hex,
          nicolae_vaults_border_crossing, v_misc_17, ontoclasm_vaults_fault,
          layout_vaults_omnicross
Vaults:2: v_alt_pattern_1, nicolae_vaults_little_squares_3,
          nicolae_vaults_offset_grid_hallway_4, vaults_dpeg_spiral, v_misc_27,
          vaults_room_mumra_shop_pool, vaults_dpeg_hooks, serial_ice_b,
          layout_vaults_omnigrid
Vaults:3: ontoclasm_vaults_misaligned, nicolae_vaults_sightless_eye,
          v_alt_pattern_2, nicolae_vaults_shelves_hall,
          vaults_dpeg_encased_lava, minmay_crypt_entry_nasty_monster,
          vaults_mumra_minichess_inversion, nicolae_vaults_lightning_bolt,
          ontoclasm_vaults_gallery, nicolae_vaults_house_2,
          hangedman_vaults_unwind, ontoclasm_vaults_ring_small,
          vaults_room_large_hall, nicolae_vaults_house_1, layout_vaults_omnibox,
          uniq_jory, uniq_mennas, uniq_asterion, uniq_nikola, uniq_frederick
Vaults:4: nicolae_vaults_stepped_doors, v_misc_3, ontoclasm_vaults_misaligned,
          v_misc_22, grunt_vaults_trifunnel, nicolae_vaults_network_periphery,
          nicolae_vaults_three_branches, vaults_room_grid,
          nicolae_vaults_quadrants, nicolae_vaults_tetromino_T_2,
          nicolae_vaults_trapezoid_lopsided_3, vaults_mumra_hexcomb,
          layout_vaults_ring
Vaults:5: serial_shops, uniq_xtahua, uniq_sojobo
Crypt:1:  statuecave_lemuel, layout_basic, minivault_23, uniq_khufu,
          uniq_saint_roka, uniq_bai_suzhen, uniq_donald
Crypt:2:  layout_basic
Crypt:3:  church_of_pain_bobbens, layout_chaotic_city,
          tomb_entry_forgotten_bobbens, minivault_25, grunt_ministairs_6,
          uniq_margery
Tomb:1
Depths:1: layout_roguey, rand_demon_pan_entry_9, abyss_entry, hellmouth_1,
          kennysheep_crisscross, nzn_life_drinkers
Depths:2: evilmike_horseshoe, layout_basic, serial_shops,
          nicolae_shop_just_a_little_nook, grunt_pan_entry_spiral, hell_entry,
          ebering_ghost_reflecting_pool, uniq_enchantress
Depths:3: evilmike_wizard_prison, layout_honeycomb, hangedman_tar_grid_catacomb,
          abyss_entry_crystal, infiniplex_staircase_zigzag_1, grunt_megastairs_2
Depths:4: grunt_zot_entry_alcove, layout_cave_pools, enter_ziggurat_f,
          lightli_too_deep, nicolae_ru_path_of_blood, serial_shops,
          nicolae_shop_peninsula, nicolae_gozag_cash_rules_everything_around_me
Hell
Zot:1:    kennysheep_blocky_hall, layout_onion, grunt_megastairs_4
Zot:2:    layout_basic, lemuel_lake_of_fire
Zot:3:    layout_basic, st_stairs_6, skrybe_zot_glass_2
Zot:4:    grunt_zot_stairs_faceoff, layout_gridlike,
          hangedman_zot_decor_scrapings
Zot:5:    layout_twisted_circle, st_stairs_1, hangedman_zot_diagonal_lockstep,
          hangedman_zot_decor_tridents
Pan:      evilmike_mini_pan_diamond, layout_basic, pan_blood_fountain_small,
          grunt_pan_frozen_over, layout_pan_divisions_a
          [pan_division_quadrant_a2, pan_division_quadrant_a4,
          pan_division_quadrant_a3, pan_division_quadrant_a3,
          pan_division_octagon_halves], nicolae_pan_cerebovesque_2,
          gammafunk_its_a_trap, layout_cellular_growth,
          evilmike_mini_pan_branches, layout_pan_divisions_a
          [pan_division_quadrant_a4, pan_division_quadrant_a3,
          pan_division_quadrant_a3, pan_division_quadrant_a2,
          pan_division_octagon_empty], pan_blood_fountain_small,
          mnoleg_grunt_wretched_star, layout_pan_divisions_b
          [pan_division_quadrant_b1, pan_division_quadrant_b1,
          pan_division_quadrant_b4, pan_division_quadrant_b6],
          evilmike_mini_pan_corner, layout_pan_divisions_a
          [pan_division_quadrant_a4, pan_division_quadrant_a1,
          pan_division_quadrant_a2, pan_division_quadrant_a4,
          pan_division_octagon_box], evilmike_mini_pan_branches,
          layout_grid_shapes, gammafunk_dig_for_victory, layout_basic,
          rand_demon_8, layout_cellular_growth, evilmike_mini_pan_3x3,
          layout_small_grid, evilmike_gloorx_vloq_box, layout_pan_divisions_b
          [pan_division_quadrant_b3, pan_division_quadrant_b3,
          pan_division_quadrant_b3, pan_division_quadrant_b1], cerebov_st,
          layout_pan_divisions_b [pan_division_quadrant_b6,
          pan_division_quadrant_b6, pan_division_quadrant_b1,
          pan_division_quadrant_b5], pan_blood_fountain_small,
          nicolae_pan_gloorx_vloqian_2

Skill      XL: |  1  2  3  4  5  6  7  8  9 10 11 12 13 14 15 16 17 18 19 20 21 22 23 24 25 26 27 |
---------------+----------------------------------------------------------------------------------+-----
Maces & Flails | 2 3 4 5 7 9 10 13 14 17 20 | 20.0
Fighting       | 5 6 10 12 15 17 20 22 | 22.0
Armour         | 7 10 15 18 19 20 22 | 22.0
Invocations    | 7 13 15 16 18 20 | 20.0
Translocations | 5 11 13 15 16 19 22 25 | 25.0
Evocations     | 5 10 12 15 17 20 22 | 22.0
Shields        | 5 |  5.0
Dodging        | 6 10 | 10.0
Spellcasting   | 7 15 | 15.9
Air Magic      | 6 |  6.0
Throwing       | |  0.8

Action                     |  1- 3 |  4- 6 |  7- 9 | 10-12 | 13-15 | 16-18 | 19-21 | 22-24 | 25-27 || total
---------------------------+-------+-------+-------+-------+-------+-------+-------+-------+-------++-------
  Melee: Mace              |   133 |     7 |       |       |       |       |       |       |       ||   140
         Tailslap          |    11 |    12 |    33 |   171 |   429 |   288 |   397 |   421 |  1295 ||  3057
         Punch             |     2 |     1 |     1 |    12 |    37 |    23 |       |     1 |       ||    77
         Flail             |       |   127 |   261 |   885 |  2127 |  1279 |    19 |       |       ||  4698
         Demon whip        |       |       |       |    38 |    51 |   215 |  1921 |  1351 |  5069 ||  8645
         Kick              |       |       |       |       |       |   358 |   829 |   758 |       ||  1945
         Great mace        |       |       |       |       |       |       |       |   611 |       ||   611
         Headbutt          |       |       |       |       |       |       |       |       |   252 ||   252
         Unarmed           |       |       |       |       |       |       |       |       |     5 ||     5
  Throw: Dart              |       |       |     3 |     1 |       |     2 |       |       |       ||     6
   Cast: Manifold Assault  |       |       |       |       |    37 |   127 |    50 |   107 |   301 ||   622
         Teleport Other    |       |       |       |       |     3 |       |       |       |       ||     3
         Lesser Beckoning  |       |       |       |       |       |       |     9 |     9 |    30 ||    48
         Vhi's Electric Ch |       |       |       |       |       |       |     1 |    34 |   112 ||   147
         Summon Forest     |       |       |       |       |       |       |       |       |     3 ||     3
         Swiftness         |       |       |       |       |       |       |       |       |     3 ||     3
         Dispersal         |       |       |       |       |       |       |       |       |     3 ||     3
 Invoke: Minor Destruction |       |       |       |     9 |   146 |   163 |    32 |     1 |    50 ||   401
         Lesser Servant of |       |       |       |     1 |     1 |       |       |       |       ||     2
         Greater Servant o |       |       |       |       |     3 |    21 |     8 |    10 |    19 ||    61
         Major Destruction |       |       |       |       |       |     6 |       |       |       ||     6
  Evoke: Wand              |       |       |     9 |    10 |     7 |    26 |     3 |       |     1 ||    56
         Lightning rod     |       |       |       |       |       |     6 |     6 |       |     4 ||    16
         Condenser vane    |       |       |       |       |       |       |       |       |     1 ||     1
         Phantom mirror    |       |       |       |       |       |       |       |       |     1 ||     1
    Use: Scroll            |       |     1 |     7 |     5 |    14 |     6 |     9 |    12 |    25 ||    79
         Potion            |       |       |     1 |     3 |     3 |    13 |     4 |     9 |    22 ||    55
   Stab: Distracted        |       |       |       |     1 |       |     8 |     1 |     7 |    19 ||    36
         Invisible         |       |       |       |     5 |    10 |     4 |       |       |       ||    19
         Confused          |       |       |       |       |       |     1 |       |       |     1 ||     2
         Sleeping          |       |       |       |       |       |       |       |       |     1 ||     1
 Armour: Leather armour    |    26 |       |       |       |       |       |       |       |       ||    26
         Ring mail         |    32 |       |       |       |       |       |       |       |       ||    32
         Plate armour      |    12 |     7 |       |       |       |       |       |       |       ||    19
         Chain mail        |       |    15 |       |       |       |       |       |       |       ||    15
         Scale mail        |       |    98 |   114 |   347 |   967 |   881 |       |       |       ||  2407
         Swamp dragon scal |       |       |       |       |       |   239 |   484 |   830 |  2096 ||  3649
  Dodge: Dodged            |    51 |    70 |    65 |   390 |  1067 |  1397 |   650 |   736 |  2107 ||  6533
  Block: Buckler           |       |       |       |       |       |    28 |   306 |   201 |  1257 ||  1792
